 Dungeon Crawl Stone Soup version 0.22-a0-373-gab1296c (webtiles) character file.

53 iamserjio the Bolt Thrower (level 4, -2/26 HPs)
             Began as a Kobold Hunter on Apr 25, 2018.
             Was an Initiate of Cheibriados.
             Slain by an orc wizard
             ... wielding a +0 dagger
              (3 damage)
             ... on level 3 of the Dungeon.
             The game lasted 00:06:25 (717 turns).

iamserjio the Bolt Thrower (Kobold Hunter)           Turns: 717, Time: 00:06:26

Health: -2/26      AC:  3    Str: 16    XL:     4   Next: 11%
Magic:  4/4        EV: 15    Int: 13    God:    Cheibriados [......]
Gold:   92         SH:  0    Dex: 16    Spells: 3/3 levels left

rFire    . . .     SeeInvis .   a - +1 hand crossbow
rCold    . . .     Gourm    .   (shield restricted)
rNeg     . . .     Faith    .   c - +0 leather armour
rPois    .         Spirit   .   (no helmet)
rElec    .         Reflect  .   (no cloak)
rCorr    .         Harm     .   (no gloves)
MR       .....                  (no boots)
Stlth    ++........             (no amulet)
HPRegen  0.08/turn              (no ring)
MPRegen  0.09/turn              (no ring)

@: mighty, very slow
A: small, carnivore
a: Bend Time, Renounce Religion


You were on level 3 of the Dungeon.
You worshipped Cheibriados.
Cheibriados was noncommittal.
You were not hungry.

You visited 1 branch of the dungeon, and saw 4 of its levels.

You collected 92 gold pieces.

Inventory:

Hand Weapons
 a - a +1 hand crossbow (weapon)
 b - a +0 short sword
 p - a +0 whip
 q - a +0 club
Missiles
 d - 12 bolts (quivered)
 e - 44 arrows
 i - 2 throwing nets
Armour
 c - a +0 leather armour (worn)
Jewellery
 k - an uncursed amulet of rage {unknown}
Scrolls
 g - a scroll of fear {unknown}
 h - 3 scrolls of identify {unknown}
 l - a scroll of teleportation {unknown}
 n - a scroll of magic mapping {unknown}
 o - a scroll of remove curse {unknown}
Potions
 j - a potion of mutation {unknown}
Comestibles
 f - 4 rations
 r - 3 chunks of flesh


   Skills:
 - Level 2.1 Fighting
 * Level 5.7 Crossbows
 + Level 3.1 Dodging
 + Level 2.8 Stealth


You had 3 spell levels left.
You didn't know any spells.

Dungeon Overview and Level Annotations

Branches:
Dungeon (4/15)
 Temple: D:4-7

Altars:
Cheibriados
Dithmenos
Gozag
The Shining One

Annotations:
D:4 Natasha


Innate Abilities, Weirdness & Mutations

You are small and have problems with some larger weapons.
You are carnivorous and can eat meat at any time.


Message History

The orc wizard barely misses you. The orc wizard hits you with a dagger.
* * * LOW HITPOINT WARNING * * *
There's nothing to close nearby.
Unknown command.
You aren't carrying any items that you can evoke.
Unknown command.
You aren't carrying any items that you can evoke.
Unknown command.
Okay, then.
Firing (i - inventory. (/) - cycle)
d - 13 bolts (quivered)
Press: ? - help, Shift-Dir - straight line, f/p - orc wizard
Aim: an orc wizard, wielding a dagger and wearing a glowing robe (heavily wounded, fast)
You shoot a bolt. The bolt closely misses the orc wizard.
The orc wizard casts a spell at you. The magic dart hits you!
* * * LOW HITPOINT WARNING * * *
It was a potion of might.
You feel very mighty all of a sudden. The orc wizard misses you.
The orc wizard hits you with a dagger.
You die...

# ..#
##########....#
#......@o.....(
#.#####.##....#
#.# ..# #.# .
#.# #.# #.# #.#


You could see an orc wizard.

Vanquished Creatures
  A hound (D:4)
  3 orcs (D:4)
  3 ball pythons
  A giant cockroach (D:1)
  A goblin (D:1)
  3 hobgoblins (D:1)
  2 frilled lizards
  5 kobolds (D:1)
  2 rats (D:1)
21 creatures vanquished.

Notes
Turn   | Place    | Note
-------+----------+-------------------------------------------
     0 | D:1      | iamserjio the Kobold Hunter began the quest for the Orb.
     0 | D:1      | Reached XP level 1. HP: 12/12 MP: 1/1
    64 | D:1      | Reached skill level 5 in Crossbows
    92 | D:1      | Reached XP level 2. HP: 17/17 MP: 2/2
   476 | D:1      | Found an opulent altar of Gozag.
   539 | D:2      | You fall through a shaft for 2 floors!
   547 | D:4      | Found a faded altar of an unknown god.
   547 | D:4      | Found a shadowy altar of Dithmenos.
   552 | D:4      | Found a glowing golden altar of the Shining One.
   555 | D:4      | Found a snail-covered altar of Cheibriados.
   556 | D:4      | Found a faded altar of an unknown god.
   573 | D:4      | Became a worshipper of Cheibriados the Contemplative
   601 | D:4      | Reached XP level 3. HP: 20/21 MP: 3/3
   602 | D:4      | Reached XP level 4. HP: 25/26 MP: 4/4
   695 | D:4      | Noticed Natasha
   716 | D:3      | HP: 1/26 [orc wizard/magic dart (6)]
   717 | D:3      | Slain by an orc wizard

Vault maps used:
D:1:      dpeg_arrival_water_altar
D:2:      minmay_tetromino_l4
D:3:      fedhas_altar_2, yredelemnul_altar_generic
D:4:      chequers_temple_overflow_minitemple, first_ration,
          kennysheep_nondescript, uniq_natasha

Skill      XL: |  1  2 |
---------------+-------+-----
Crossbows      | 5 |  5.7
Stealth        | 2 |  2.8
Dodging        | 3 |  3.1
Fighting       | |  2.1

Action                   |  1- 3 |  4- 6 || total
-------------------------+-------+-------++-------
 Fire: Hand crossbow     |    35 |    14 ||    49
  Use: Potion            |       |     1 ||     1
  Eat: Chunk             |     1 |     1 ||     2
Armor: Leather armour    |     2 |     2 ||     4
Dodge: Dodged            |     8 |     5 ||    13

Table legend:
 A = Spawn XP
 B = Non-spawn XP
 C = Spawn XP percentage of total XP
 D = Spawn monster count
 E = Non-spawn monster count
 F = Spawn count percentage of total count
 G = Total turns spent on level
                    A         B        C        D         E        F      G
               +---------+---------+-------+---------+---------+-------+---------
         Total |       0 |      77 |   0.0 |       0 |      21 |   0.0 |   717
               +---------+---------+-------+---------+---------+-------+---------
           D:1 |       0 |      23 |   0.0 |       0 |      15 |   0.0 |   510
           D:2 |       0 |       1 |   0.0 |       0 |       1 |   0.0 |    29
           D:4 |       0 |      53 |   0.0 |       0 |       5 |   0.0 |   171
               +---------+---------+-------+---------+---------+-------+---------
